 Dungeon Crawl Stone Soup version 0.28.0-1-gb440e238dd (webtiles) character file.

Game seed: 10735959477644945215

151 RascalDebosk the Skirmisher (level 5, -5/47 HPs)
             Began as a Minotaur Fighter on Feb 27, 2022.
             Slain by a gnoll shaman (7 damage)
             ... on level 4 of the Dungeon.
             The game lasted 00:15:59 (3074 turns).

RascalDebosk the Skirmisher (Minotaur Fighter)      Turns: 3074, Time: 00:16:01

Health: -5/47      AC:  9    Str: 22    XL:     5   Next: 10%
Magic:  4/4        EV:  8    Int:  5    God:
Gold:   116        SH:  4    Dex: 10    Spells: 4/4 levels left

rFire   . . .      SeeInvis .   a - +0 war axe
rCold   . . .      Faith    .   c - +0 buckler
rNeg    . . .      Spirit   .   p - +0 chain mail
rPois   .          Reflect  .   (helmet restricted)
rElec   .          Harm     .   (no cloak)
rCorr   .          Rampage  .   (no gloves)
Will    .....                   (no boots)
Stlth   ..........              (no amulet)
HPRegen 0.15/turn               (no ring)
MPRegen 0.09/turn               (no ring)

@: no status effects
A: horns 2, retaliatory headbutt
a: no special abilities


You were on level 4 of the Dungeon.
You visited 1 branch of the dungeon, and saw 4 of its levels.

You collected 116 gold pieces.

Inventory:

Hand Weapons
 a - a +0 war axe (weapon)
 n - a +2 dagger of draining
 o - a +0 dagger of venom
Missiles
 m - 80 stones (quivered)
 r - 6 poisoned darts
Armour
 b - a +0 scale mail
 c - a +0 buckler (worn)
 k - an orb of guile
 p - a +0 chain mail (worn)
Magical Staves
 f - a staff of poison
Scrolls
 e - a scroll of teleportation {unknown}
 h - a scroll of vulnerability {unknown}
 i - a scroll of magic mapping {unknown}
 j - a scroll of torment {unknown}
Potions
 d - a potion of might
 g - a potion of curing {unknown}
 l - a potion of resistance {unknown}
 q - a potion of mutation {unknown}


   Skills:
 + Level 4.5 Fighting
 + Level 3.5 Axes
 + Level 4.4 Armour
 - Level 2.1 Dodging
 + Level 4.5 Shields


You had 4 spell levels left.
You didn't know any spells.
Your spell library was empty.

Dungeon Overview and Level Annotations

Branches:
Dungeon (4/15)
 Temple: D:4-7

Altars:


Innate Abilities, Weirdness & Mutations

You have a pair of horns on your head.
You reflexively headbutt those who attack you in melee.


Message History

You slash the hobgoblin!
You kill the hobgoblin!
m - 80 stones (gained 20)
Found a stone staircase leading up. 2 gnolls come into view.
Found a stone staircase leading down.
The gnoll shouts! x2; You hear a shout! x2
A gnoll comes into view. It is wielding a +0 spear.
A gnoll shaman comes into view. It is wielding a +0 club.
The gnoll shaman shouts!
A gnoll comes into view. It is wielding a +0 vorpal halberd.
The gnoll shaman calls upon its god to speed up the gnoll.
The gnoll seems to speed up.
The gnoll closely misses you.
The gnoll hits you from afar with a +0 halberd.
You block the gnoll's attack.
You slash the gnoll!
The gnoll is severely wounded.
The gnoll barely misses you. You block the gnoll's attack.
The gnoll barely misses you.
The gnoll hits you but does no damage. x2
You closely miss the gnoll. Your headbutt misses the gnoll.
The gnoll is severely wounded.
The gnoll hits you but does no damage. You block the gnoll's attack.
A hobgoblin comes into view.
The gnoll hits you from afar with a +0 vorpal halberd!
You closely miss the gnoll.
The gnoll is heavily wounded.
The hobgoblin shouts!
The gnoll hits you with a +0 spear. You block the gnoll's attack.
The gnoll hits you but does no damage.
The gnoll hits you from afar with a +0 vorpal halberd!
The gnoll hits you from afar with a +0 halberd.
* * * LOW HITPOINT WARNING * * *
You hit the gnoll shaman.
The gnoll shaman is lightly wounded.
You block the gnoll's attack. The gnoll hits you but does no damage.
The gnoll hits you from afar with a +0 halberd!
* * * LOW HITPOINT WARNING * * *
The gnoll shaman hits you with a +0 club!
You die...

.............
...........#
#........... ###
..>........ ....
.......... .....
#......#
.....######g.....###
.........@gg.......#
.........##g........
.........##........#
#+###....##......###
#.....#......#
#.....#......#
#...†.#......#
#.....#......#
#....)#


You could see a gnoll shaman and 3 gnolls.

Vanquished Creatures
  An orc priest (D:3)
  An orc wizard (D:3)
  3 adders
  2 worms
  2 dart slugs
  2 orcs
  4 endoplasms
  2 giant cockroaches (D:3)
  4 goblins
  8 hobgoblins
  2 jackals (D:2)
  4 kobolds
  4 quokkas
  8 ball pythons
  4 bats
  A frilled lizard (D:1)
  4 rats
56 creatures vanquished.

Notes
Turn   | Place    | Note
-------+----------+-------------------------------------------
     0 | D:1      | RascalDebosk the Minotaur Fighter began the quest for the
                  | Orb.
     0 | D:1      | Reached XP level 1. HP: 19/19 MP: 0/0
   345 | D:1      | Reached XP level 2. HP: 27/27 MP: 1/1
   452 | D:1      | Found a faded altar of an unknown god.
   981 | D:1      | Reached skill level 1 in Dodging
  1071 | D:2      | Reached XP level 3. HP: 32/33 MP: 2/2
  2011 | D:3      | Reached XP level 4. HP: 10/40 MP: 3/3
  2796 | D:3      | Reached XP level 5. HP: 47/47 MP: 4/4
  3074 | D:4      | HP: 2/47 [gnoll (11)]
  3074 | D:4      | Slain by a gnoll shaman

Illustrated notes

Levels and vault maps discovered:
D:1:      wander_arrival_lonely_grave, layout_loops_corners,
          hellmonk_ecumenical_altar_zigzags
D:2:      layout_loops_ring
D:3:      layout_loops_ring
D:4:      layout_basic, okawaru_altar_gauntlet_db, nicolae_specific_store,
          lemuel_another_geyser, uniq_ijyb

Skill      XL: |  1  2  3  4 |
---------------+-------------+-----
Dodging        | 1 2 |  2.1
Fighting       | 4 |  4.5
Armour         | 4 |  4.4
Shields        | 4 |  4.5
Axes           | 3 |  3.5

Action                   |  1- 3 |  4- 6 || total
-------------------------+-------+-------++-------
Melee: War axe           |    87 |    33 ||   120
       Headbutt          |    11 |     3 ||    14
Armor: Scale mail        |    44 |       ||    44
       Chain mail        |       |    19 ||    19
Dodge: Dodged            |    45 |    12 ||    57
Block: Buckler           |    24 |    12 ||    36
